[Event "Team 45 45 League T43"]
[Site "Internet Chess Club"]
[Date "2009.11.29"]
[Round "4"]
[White "DrOMM"]
[Black "TroyO"]
[Result "0-1"]
[WhiteElo "1271"]
[BlackElo "1348"]
[Opening "French: advance, Paulsen attack"]
[ECO "B40"]
[Time "12:02:23"]
[TimeControl "2700+45"]

1. e4 c5 2. Nf3 e6 3. c3 d5 4. e5 Nc6 5. d4 cxd4 6. cxd4 Bb4+ 7. Nc3 Nge7 8. Be2
Nf5 9. O-O O-O 10. Be3 a6 11. Bd3 f6 12. Qc2 fxe5 13. dxe5 d4 14. Bg5 Qc7 15.
Ne2 h6 16. Bf4 Bd7 17. Qb3 Qb6 18. Bc4 Na5 19. Qd3 Nxc4 20. Qxc4 Qc5 21. Qxc5
Bxc5 22. Rac1 Rac8 23. Rfd1 Bb5 24. Nexd4 Nxd4 25. Nxd4 Rxf4 26. Nxb5 Bxf2+ 27.
Kh1 Rxc1 28. Rxc1 axb5 29. Rf1 g5 30. g3 Rf8 31. Rd1 b6 32. Kg2 Bc5 33. b3 Rf2+
34. Kh3 Rxa2 35. Rd8+ Kg7 36. Rd7+ Kg6 37. Kg4 Rxh2 38. Rd8 Kf7 39. Rd7+ Ke8 40.
Rd3 Re2 41. Kh5 Rxe5 42. Kxh6 Re3 {White resigns} 0-1

[Event "Team 45 45 League T43"]
[Site "Internet Chess Club"]
[Date "2009.11.24"]
[Round "4"]
[White "wrimle"]
[Black "ars-felidae"]
[Result "0-1"]
[WhiteElo "1532"]
[BlackElo "1306"]
[Opening "Sicilian: Grand Prix attack"]
[ECO "B23"]
[Time "13:33:09"]
[TimeControl "2700+45"]

1. e4 c5 2. Nc3 Nc6 3. f4 e6 4. Nf3 Nf6 5. g3 d5 6. e5 Ne4 7. Ne2 c4 8. Bg2 Qb6
9. Rf1 Bc5 10. d4 cxd3 11. Qxd3 Nb4 12. Qb3 Bd7 13. a3 Nxc2+ 14. Qxc2 Bf2+ 15.
Kd1 Rc8 16. Nc3 Bb5 17. Rxf2 Nxf2+ 18. Ke1 Nd3+ 19. Kd1 O-O 20. a4 Bc4 21. Ra3
d4 22. a5 Qb4 23. Nxd4 Rfd8 24. Ra4 Qc5 25. Be3 Rxd4 26. Bf1 Nxb2+ 27. Ke1 Nxa4
28. Nxa4 Rd1+ 29. Kxd1 Qxe3 30. Bxc4 Rd8+ 31. Bd3 Rxd3+ {White resigns} 0-1

[Event "Team 45 45 League T43"]
[Site "Internet Chess Club"]
[Date "2009.11.22"]
[Round "4"]
[White "SCUGrad"]
[Black "EyeAm"]
[Result "1/2-1/2"]
[WhiteElo "1391"]
[BlackElo "1609"]
[Opening "Four knights: Scotch variation"]
[ECO "C47"]
[Time "19:29:42"]
[TimeControl "2700+45"]

1. e4 e5 2. Nf3 Nf6 3. Nc3 Nc6 4. d4 Bb4 5. d5 Ne7 6. Bd3 d6 7. h3 c6 8. a3
Bxc3+ 9. bxc3 cxd5 10. exd5 Nfxd5 11. Bb2 O-O 12. O-O Qc7 13. c4 Nf4 14. Re1 Be6
15. c5 Qxc5 16. Bc1 Neg6 17. Be3 Qd5 18. Bxf4 Nxf4 19. Be4 Qc5 20. Bxb7 Rab8 21.
Be4 d5 22. Bxh7+ Kxh7 23. Rxe5 Rb2 24. Qd2 Ng6 25. Rh5+ Kg8 26. Qg5 Qxc2 27. Rf1
Qf5 28. Qxf5 Bxf5 29. Rxf5 Rd8 30. Rd1 Ra2 31. Rfxd5 Rxd5 32. Rxd5 Rxa3 33. Rd8+
Kh7 34. Ng5+ Kh6 35. Nxf7+ Kh5 36. Rd5+ Kh4 37. g3+ Kxh3 38. Rh5+ Kg4 39. Rg5+
Kh3 40. Rh5+ Kg4 41. Rg5+ Kh3 42. Rh5+ Kg4 43. Rg5+ Kh3 {Game drawn by
repetition} 1/2-1/2

[Event "Team 45 45 League T43"]
[Site "Internet Chess Club"]
[Date "2009.11.25"]
[Round "4"]
[White "guyd52"]
[Black "AlPearson"]
[Result "1/2-1/2"]
[WhiteElo "1335"]
[BlackElo "1388"]
[Opening "Réti: King's Indian attack"]
[ECO "A05"]
[Time "19:08:22"]
[TimeControl "2700+45"]

1. Nf3 Nf6 2. g3 g6 3. Bg2 Bg7 4. O-O O-O 5. e4 d6 6. d4 c5 7. e5 dxe5 8. dxe5
Ng4 9. Bf4 Nc6 10. Qxd8 Rxd8 11. Bg5 Ngxe5 12. Nxe5 Bxe5 13. Bxc6 bxc6 14. c3 f6
15. Be3 c4 16. Nd2 Be6 17. Rfe1 a6 18. a4 Bd5 19. f4 Bd6 20. Bd4 Rab8 21. Ra2
Rb7 22. Ne4 Bxe4 23. Rxe4 Rdb8 24. Re2 c5 25. Bf2 e5 26. Rd2 Rb6 27. a5 Rc6 28.
fxe5 fxe5 29. Ra4 Rb5 30. Kg2 Kf7 31. Kf3 Kf6 32. g4 h5 33. h3 Bc7 34. Ke4 Bxa5
35. Kd5 Rc8 36. Bh4+ Kg7 37. Kxe5 Bb6 38. Rxa6 Re8+ 39. Kf4 Bc7+ 40. Kf3 Rf8+
41. Kg2 Bf4 42. Rd7+ Kh8 43. Rxg6 Rxb2+ 44. Bf2 Be3 45. g5 Rbxf2+ 46. Kg3 R2f7
47. Rh6+ Kg8 48. Rg6+ Kh8 49. Rh6+ Kg8 50. Rg6+ Kh8 51. Rh6+ {Game drawn by
repetition} 1/2-1/2

[Event "Team 45 45 League T43"]
[Site "Internet Chess Club"]
[Date "2009.11.21"]
[Round "4"]
[White "AtomicDog"]
[Black "wekabird"]
[Result "1-0"]
[WhiteElo "1306"]
[BlackElo "1270"]
[Opening "Caro-Kann: advance variation"]
[ECO "B12"]
[Time "15:06:07"]
[TimeControl "2700+45"]

1. e4 c6 2. d4 d5 3. e5 e6 4. Nf3 h6 5. Be2 Ne7 6. c4 Ng6 7. cxd5 cxd5 8. O-O
Be7 9. Nc3 a6 10. Be3 O-O 11. Qd2 Bd7 12. g3 b5 13. h4 b4 14. Nd1 Bb5 15. b3
Bxe2 16. Qxe2 f5 17. Nb2 f4 18. Bd2 fxg3 19. fxg3 Nd7 20. Nd3 a5 21. Qg2 Rf7 22.
Nf4 Nxf4 23. gxf4 Bxh4 24. Qh3 Be7 25. Rf2 Rf5 26. Rg2 Qf8 27. Qxh6 Qf7 28. Rg6
Nf8 29. Ng5 Bxg5 30. Rxg5 Rxg5+ 31. Qxg5 Qg6 32. Qg2 Qd3 33. Rc1 Qxd4+ 34. Qf2
Qb2 35. Be3 Qxf2+ 36. Kxf2 Ng6 37. Ke2 a4 38. Kd3 axb3 39. axb3 Ra3 40. Rb1 Ra8
41. Rc1 Rb8 42. Kd4 Rf8 43. Rf1 Ne7 44. Kc5 Nf5 45. Bd2 Rb8 46. Bxb4 d4 47. Ra1
d3 48. Ra6 Kf7 49. Ra7+ Ne7 50. Rd7 Rc8+ 51. Kb6 Rb8+ 52. Kc5 Ke8 53. Rxd3 Nd5
54. Rd4 Rc8+ 55. Kd6 Kf7 56. f5 Rd8+ 57. Kc6 exf5 58. Rxd5 Rxd5 59. Kxd5 f4 60.
Ke4 g5 61. Kf5 f3 62. Be1 g4 63. Kxg4 Ke6 64. Kxf3 Kxe5 65. Ke3 Kd5 66. Kd3 Kc5
67. Bb4+ Kb5 68. Kc3 Kb6 69. Kc4 Kc6 70. Bc5 Kb7 71. Kb5 Kc7 72. Ka6 Kc6 73. b4
Kc7 74. b5 Kb8 75. b6 Ka8 76. b7+ Kb8 77. Ba7+ {Black resigns} 1-0

[Event "Team 45 45 League T43"]
[Site "Internet Chess Club"]
[Date "2009.11.21"]
[Round "4"]
[White "WilmaP"]
[Black "vishnugupta"]
[Result "0-1"]
[WhiteElo "1190"]
[BlackElo "1225"]
[Opening "Sicilian"]
[ECO "B53"]
[Time "13:10:56"]
[TimeControl "2700+45"]

1. e4 c5 2. Nf3 d6 3. d4 Nd7 4. Nc3 Ngf6 5. Bc4 e5 6. Ng5 Be7 7. Nxf7 Qa5 8.
Nxh8 exd4 9. Bd2 dxc3 10. Bxc3 Qc7 11. Nf7 Ne5 12. Bb3 Nxf7 13. O-O Nxe4 14. Re1
Nxf2 15. Kxf2 c4 16. Ba4+ Kf8 17. b3 Bh4+ 18. g3 Bf6 19. Bxf6 gxf6 20. Qh5 h6
21. Re3 Qc5 22. Qxc5 dxc5 23. Re8+ Kg7 24. Rae1 Ne5 25. bxc4 Kf7 26. Rh8 a6 27.
Rxh6 Ng4+ 28. Kg2 Nxh6 29. Be8+ Kf8 30. h3 Bxh3+ 31. Kxh3 Rxe8 32. Rd1 Nf7 33.
Rf1 Re6 34. Rf4 Ke7 35. Kh4 Re2 36. Kg4 Rxc2 37. Re4+ Kd6 38. Kf5 Rf2+ 39. Kg6
Ng5 40. Re8 Ne6 41. g4 Rxa2 42. Kxf6 Rf2+ 43. Kg6 b5 44. Ra8 bxc4 45. Rxa6+ Kd5
46. g5 Rg2 47. Kf7 Nxg5+ 48. Ke7 Re2+ 49. Kd7 Re6 50. Ra5 Rd6+ 51. Ke7 Ne4 52.
Ra1 Re6+ 53. Kd7 Nf6+ 54. Kc7 c3 55. Rd1+ Kc4 56. Rc1 Kd3 57. Rd1+ Kc2 {White
resigns} 0-1

[Event "Team 45 45 League T43"]
[Site "Internet Chess Club"]
[Date "2009.11.22"]
[Round "4"]
[White "CoasterBrake"]
[Black "NewfieKnight"]
[Result "1-0"]
[WhiteElo "1238"]
[BlackElo "1297"]
[Opening "English: Nimzo-English opening"]
[ECO "A17"]
[Time "13:00:48"]
[TimeControl "2700+45"]

1. c4 e6 2. Nc3 Nf6 3. Nf3 Bb4 4. g3 Bxc3 5. bxc3 Nc6 6. d3 O-O 7. Bg2 a6 8. O-O
d5 9. cxd5 exd5 10. Bf4 Bf5 11. Rb1 b5 12. Nd2 Re8 13. Re1 Qd7 14. Bg5 Qe6 15.
f3 d4 16. Bxf6 Qxf6 17. Ne4 Bxe4 18. fxe4 dxc3 19. Rc1 Qd4+ 20. e3 Qf6 21. Qb3
b4 22. a3 Rab8 23. axb4 Nxb4 24. Qxc3 Qxc3 25. Rxc3 Rbd8 26. d4 a5 27. Rxc7 Na6
28. Ra7 Ra8 29. Rxa8 Rxa8 30. Ra1 Nb4 31. e5 Nc2 32. Bxa8 Nxa1 33. Kf2 a4 34.
Bd5 Nb3 35. Ke1 Na5 36. Kd1 Kf8 37. Kc2 Ke7 38. Kb2 Nb3 39. Bxb3 axb3 40. Kxb3
Ke6 41. Kc4 Kd7 42. Kb5 Ke6 43. Kc6 f6 44. exf6 Kxf6 45. d5 Ke7 46. Kc7 {Black
resigns} 1-0

[Event "Team 45 45 League T43"]
[Site "Internet Chess Club"]
[Date "2009.11.21"]
[Round "4"]
[White "damnwrite"]
[Black "otib2006"]
[Result "0-1"]
[WhiteElo "1155"]
[BlackElo "1259"]
[Opening "Sicilian: closed"]
[ECO "B23"]
[Time "15:00:22"]
[TimeControl "2700+45"]

1. e4 c5 2. Nc3 d6 3. Nf3 Nf6 4. Bc4 e6 5. d3 Be7 6. d4 O-O 7. d5 exd5 8. Nxd5
Nc6 9. Nxe7+ Qxe7 10. O-O Qxe4 11. Bd3 Qd5 12. c4 Qe6 13. Ng5 Qd7 14. Qf3 Ne5
15. Qg3 Nxd3 16. Qxd3 h6 17. Ne4 Nxe4 18. Qxe4 Qf5 19. Qe7 Qe6 20. Qc7 Qd7 21.
Qxd7 Bxd7 22. Rd1 Rfe8 23. Bf4 Re4 24. Rxd6 Rxf4 25. Rxd7 Rxc4 26. Rxb7 Rc2 27.
b4 cxb4 28. Rxb4 Rac8 29. h4 Rd8 30. a4 Rdd2 31. Rb8+ Kh7 32. Rf1 Rd7 33. g4 Rc4
34. f3 Rxa4 35. Re1 Ra3 36. Kg2 Ra2+ 37. Kg3 a5 38. Ree8 Rdd2 39. Rh8+ Kg6 40.
Rb6+ f6 41. h5+ Kf7 42. Rb7+ Ke6 43. Rh7 Rg2+ 44. Kf4 Ra4+ 45. Ke3 Ra3+ 46. Kf4
Rf2 47. Rb6+ Kd5 48. Rxg7 Raxf3# {White checkmated} 0-1

[Event "Team 45 45 League T43"]
[Site "Internet Chess Club"]
[Date "2009.11.23"]
[Round "4"]
[White "farbror"]
[Black "dxf"]
[Result "1-0"]
[WhiteElo "1246"]
[BlackElo "1211"]
[Opening "Modern defense"]
[ECO "A40"]
[Time "15:30:57"]
[TimeControl "2700+45"]

1. d4 g6 2. Nf3 Bg7 3. g3 Nf6 4. Bg2 Nc6 5. O-O b6 6. Re1 Ne4 7. Nbd2 f5 8. Nxe4
fxe4 9. Ng5 Bxd4 10. e3 Bf6 11. Nxe4 e6 12. Rb1 d5 13. Nxf6+ Qxf6 14. Qf3 Qe5
15. Qf4 Bb7 16. Bd2 Qxf4 17. exf4 Bc8 18. Bxd5 Bd7 19. Rxe6+ Bxe6 20. Bxc6+ Ke7
21. Bxa8 Rxa8 22. Re1 Rd8 23. Bc3 Kd7 24. Rd1+ Kc8 25. Rxd8+ Kxd8 26. a3 Kc8 27.
Be5 Kb7 28. Kf1 Bf5 29. c3 Bc2 30. Ke2 Bb3 31. Kd3 c6 32. Bf6 a5 33. Kd4 c5+ 34.
Ke5 Kc6 35. h4 b5 36. Bg5 b4 37. cxb4 cxb4 38. axb4 axb4 39. Kf6 Bc2 40. Kg7 Kc5
41. Bf6 Kc4 42. Kxh7 Kd3 43. Kxg6 Ke2+ 44. Kg5 Kxf2 45. g4 Kg3 46. h5 b3 47. h6
Bd3 48. f5 Be4 49. h7 {Black resigns} 1-0

[Event "Team 45 45 League T43"]
[Site "Internet Chess Club"]
[Date "2009.11.18"]
[Round "4"]
[White "hcarstens"]
[Black "Cicero"]
[Result "1-0"]
[WhiteElo "1219"]
[BlackElo "1145"]
[Opening "Two knights defense (Modern bishop's opening)"]
[ECO "C55"]
[Time "22:00:25"]
[TimeControl "2700+45"]

1. e4 e5 2. Nf3 Nc6 3. Bc4 Nf6 4. d3 d6 5. Bg5 Be7 6. O-O O-O 7. c3 h6 8. Bh4
Re8 9. Nbd2 Bg4 10. Qb3 Rf8 11. Qxb7 Na5 12. Qb4 c5 13. Qa4 Nxc4 14. Qxc4 Be6
15. Qa4 d5 16. exd5 Qxd5 17. Qc2 Bf5 18. Ne4 Qc6 19. Nxe5 Qc7 20. Nf3 c4 21.
Nxf6+ gxf6 22. Qd2 Kh7 23. d4 Rg8 24. Bg3 Bd6 25. Nh4 Bxg3 26. fxg3 Bd3 27. Rxf6
Rg5 28. Nf3 Rg6 29. Rxg6 fxg6 30. Ne5 Bf5 31. Qe2 Re8 32. Qd2 Rd8 33. g4 Bc8 34.
Qc2 Rd6 35. Rf1 Be6 36. Qxg6+ Kh8 37. Rf8+ Bg8 38. Qxg8# {Black checkmated} 1-0

[Event "Team 45 45 League T43"]
[Site "Internet Chess Club"]
[Date "2009.11.20"]
[Round "4"]
[White "RancidTurnip"]
[Black "Toalla"]
[Result "1-0"]
[WhiteElo "1250"]
[BlackElo "1164"]
[Opening "Caro-Kann: advance variation"]
[ECO "B12"]
[Time "14:00:59"]
[TimeControl "2700+45"]

1. e4 c6 2. d4 d5 3. e5 Bf5 4. Nf3 e6 5. Nbd2 Ne7 6. c4 Nd7 7. cxd5 Nxd5 8. a3
Be7 9. Be2 Qc7 10. Nc4 a6 11. O-O O-O 12. Qb3 b6 13. Bd2 h6 14. Rac1 Rfc8 15.
Ne3 Be4 16. Nxd5 Bxd5 17. Qd3 b5 18. b4 Nb6 19. Bd1 Qb7 20. Bc2 g6 21. Bxh6 Nd7
22. Ng5 Nf8 23. f4 Qd7 24. Qh3 a5 25. Bxf8 Bxg5 26. fxg5 Rxf8 27. Rf4 Qe7 28.
Rh4 {Black resigns} 1-0

[Event "Team 45 45 League T43"]
[Site "Internet Chess Club"]
[Date "2009.11.21"]
[Round "4"]
[White "ffplayer"]
[Black "jocooper"]
[Result "1-0"]
[WhiteElo "1111"]
[BlackElo "1151"]
[Opening "King's Indian defense, 3.Nc3"]
[ECO "E61"]
[Time "09:01:19"]
[TimeControl "2700+45"]

1. d4 Nf6 2. c4 g6 3. Nc3 Bg7 4. Bg5 O-O 5. Qd2 d6 6. Bh6 Nbd7 7. Bxg7 Kxg7 8.
Nf3 c6 9. e3 Qc7 10. Bd3 e5 11. O-O Re8 12. dxe5 dxe5 13. e4 b6 14. b3 Bb7 15.
Qc2 Nc5 16. Rad1 Nxd3 17. Rxd3 Rad8 18. Rfd1 Rxd3 19. Rxd3 Rd8 20. Rxd8 Qxd8 21.
Nxe5 Qe8 22. Nf3 c5 23. Nd2 Bc6 24. f3 Qe5 25. Nd5 Qd4+ 26. Kf1 Qa1+ 27. Qb1 Qd4
28. Nxf6 Qxd2 29. Nd5 Qd4 30. Qc2 Qa1+ 31. Ke2 Qd4 32. Qd2 Qg1 33. Qb2+ Kh6 34.
Qd2+ Kg7 35. Kd3 Qd4+ 36. Kc2 Qa1 37. Qc3+ Qxc3+ 38. Kxc3 Bxd5 39. exd5 Kf8 40.
Kd3 Ke7 41. Ke4 f6 42. g4 h6 43. h4 a6 44. f4 a5 45. g5 h5 46. a3 f5+ 47. Ke5 a4
48. bxa4 Kd7 49. Kf6 Ke8 50. Kxg6 Kf8 51. Kxf5 {Black resigns} 1-0

[Event "Team 45 45 League T43"]
[Site "Internet Chess Club"]
[Date "2009.11.20"]
[Round "4"]
[White "Traho"]
[Black "carolinaknight"]
[Result "1-0"]
[WhiteElo "1304"]
[BlackElo "1112"]
[Opening "Réti opening"]
[ECO "A04"]
[Time "08:57:08"]
[TimeControl "2700+45"]

1. Nf3 e6 2. g3 Nf6 3. Bg2 c5 4. O-O Nc6 5. d3 h6 6. e4 d6 7. Re1 Qc7 8. b3 Be7
9. Bb2 Bd7 10. Nbd2 O-O 11. a3 b5 12. e5 Nd5 13. c4 bxc4 14. Nxc4 Na5 15. Nfd2
Rab8 16. exd6 Bxd6 17. Nxd6 Qxd6 18. Be5 {Black resigns} 1-0

[Event "Team 45 45 League T43"]
[Site "Internet Chess Club"]
[Date "2009.11.23"]
[Round "4"]
[White "Graybeard"]
[Black "WannaB"]
[Result "1-0"]
[WhiteElo "1155"]
[BlackElo "1024"]
[Opening "Scandinavian (center counter) defense"]
[ECO "B01"]
[Time "21:00:14"]
[TimeControl "2700+45"]

1. e4 d5 2. exd5 Qxd5 3. Nc3 Qa5 4. d4 Nf6 5. Nf3 c6 6. Bd3 Bg4 7. O-O Qc7 8.
Be2 h6 9. Ne5 Bxe2 10. Qxe2 Nbd7 11. Bf4 Qb6 12. Nxd7 Nxd7 13. d5 cxd5 14. b3 e6
15. Nxd5 Qd4 16. Nc7+ Ke7 17. Nxa8 Qxf4 18. Qc4 Qb8 19. Nc7 Kd8 20. Nxe6+ fxe6
21. Qxe6 Qd6 22. Qxd6 Bxd6 23. Rad1 Ke7 24. Rfe1+ Ne5 25. f4 Bc5+ 26. Kh1 Rg8
27. Rxe5+ Kf6 28. Rxc5 b6 29. Rc6+ Kf5 30. Rf1 Rd8 31. Rc7 Rd2 32. g3 a5 33. Kg1
g6 34. Rf2 Rd1+ 35. Kg2 Ra1 36. a4 Rd1 37. Rc6 b5 38. Rc5+ Ke4 39. Re2+ Kd4 40.
Rxb5 Kc3 41. Rxa5 Kb4 42. Rb5+ Ka3 43. a5 Kb2 44. c4+ Kc3 45. a6 Ra1 46. Re6
Ra2+ 47. Kh3 Kd3 48. Rxg6 h5 49. Rxh5 Ke3 50. f5 Kf2 51. Rhh6 Kg1 52. Kg4 Ra3
53. Rb6 Ra2 54. f6 Re2 55. f7 Re4+ 56. Kh3 {Black resigns} 1-0

[Event "Team 45 45 League T43"]
[Site "Internet Chess Club"]
[Date "2009.11.20"]
[Round "4"]
[White "Tamarin"]
[Black "kabubi"]
[Result "1-0"]
[WhiteElo "1262"]
[BlackElo "1159"]
[Opening "Queen's pawn: Lundin (Kevitz-Mikenas) defense"]
[ECO "A40"]
[Time "20:00:37"]
[TimeControl "2700+45"]

1. d4 Nc6 2. Nf3 f5 3. Nc3 d5 4. Bg5 Kd7 5. Nxd5 b6 6. Ne5+ Nxe5 7. dxe5 Bb7 8.
Nxb6+ Ke8 9. Nxa8 Qxa8 10. e6 Qc8 11. Qd7+ Qxd7 12. exd7+ Kxd7 13. Rd1+ Ke8 14.
e3 h6 15. Bf4 Be4 16. Be2 Nf6 17. Bxc7 Bxg2 18. Rg1 Be4 19. Rd8+ Kf7 20. Bc4+ e6
21. c3 g5 22. Bd6 Bg7 23. Rxh8 Bxh8 24. Ke2 Bc2 25. b4 Ne8 26. Bb8 Bf6 27. Bxa7
Nd6 28. Bd3 Ba4 29. c4 Nc8 30. Bd4 e5 31. Bc3 g4 32. Bxf5 Nd6 33. Bxg4 Nxc4 34.
Rc1 Bb5 35. Ke1 Nb2 36. Bxb2 {Black resigns} 1-0

[Event "Team 45 45 League T43"]
[Site "Internet Chess Club"]
[Date "2009.11.22"]
[Round "4"]
[White "jjaillet2007"]
[Black "dabodhi"]
[Result "1-0"]
[WhiteElo "1279"]
[BlackElo "1178"]
[Opening "King's Indian defense, 3.Nc3"]
[ECO "E61"]
[Time "20:00:40"]
[TimeControl "2700+45"]

1. d4 Nf6 2. c4 g6 3. Nc3 Bg7 4. Bf4 d6 5. e3 O-O 6. Bd3 e5 7. dxe5 Nh5 8. Nf3
Nxf4 9. exf4 Bg4 10. h3 Bxf3 11. Qxf3 Nc6 12. O-O dxe5 13. f5 Nd4 14. Qxb7 Rb8
15. Qxa7 Rxb2 16. Rab1 Nf3+ 17. gxf3 Qg5+ 18. Kh1 Rd2 19. Ne4 Qxf5 20. Nxd2 Qxd3
21. Qe3 Qd7 22. f4 Re8 23. Ne4 Qc6 24. c5 f5 25. f3 fxe4 26. Qxe4 Qe6 27. Kh2
Qxa2+ 28. Kg3 Re6 29. f5 gxf5 30. Qxf5 Rg6+ 31. Kh4 Bf6+ 32. Kh5 Rg5+ 33. Qxg5+
Bxg5 34. Kxg5 Qg2+ 35. Kf6 Qg7+ 36. Ke6 Qg3 37. Rg1 Qg6+ 38. Rxg6+ hxg6 39. Kxe5
{Black resigns} 1-0

[Event "Team 45 45 League T43"]
[Site "Internet Chess Club"]
[Date "2009.11.22"]
[Round "4"]
[White "aapt"]
[Black "PsyMar"]
[Result "1-0"]
[WhiteElo "1100"]
[BlackElo "1102"]
[Opening "Scotch game"]
[ECO "C45"]
[Time "14:00:16"]
[TimeControl "2700+45"]

1. e4 e5 2. Nf3 Nc6 3. d4 exd4 4. Nxd4 Bc5 5. Be3 Qf6 6. c3 b6 7. Be2 Bb7 8. O-O
Qg6 9. Bf3 O-O-O 10. Qe2 Re8 11. Nd2 Qf6 12. Nxc6 Bxe3 13. Qxe3 Bxc6 14. Rfe1 d5
15. Qd3 dxe4 16. Bxe4 Nh6 17. Bxc6 Qxc6 18. Re4 Rd8 19. Qa6+ Kb8 20. Rc4 Qd7 21.
Rd4 Qf5 22. Nf3 Rxd4 23. Nxd4 Qd5 24. Re1 Nf5 25. Re5 Qd7 26. Rxf5 c5 27. Qb5
Re8 28. h3 Qc7 29. Nc6+ Kb7 30. Na5+ Kb8 31. Qxe8+ {Black resigns} 1-0

[Event "Team 45 45 League T43"]
[Site "Internet Chess Club"]
[Date "2009.11.23"]
[Round "4"]
[White "AVEMARIA"]
[Black "SugarIslander"]
[Result "1-0"]
[WhiteElo "1721"]
[BlackElo "1653"]
[Opening "Caro-Kann: exchange, Rubinstein variation"]
[ECO "B13"]
[Time "18:00:37"]
[TimeControl "2700+45"]

1. e4 c6 2. d4 d5 3. exd5 cxd5 4. Bd3 Nc6 5. c3 Nf6 6. Bf4 Bg4 7. Qb3 Qc8 8. Nd2
e6 9. Ngf3 Be7 10. O-O O-O 11. h3 Bxf3 12. Nxf3 a6 13. Rfe1 b5 14. Qc2 h6 15.
Qe2 Ra7 16. Ne5 Nd7 17. Nxd7 Qxd7 18. Qg4 f5 19. Qe2 Nd8 20. a4 bxa4 21. Bxa6 g5
22. Be5 Bf6 23. Bb5 Qb7 24. Bxf6 Rxf6 25. Rxa4 Rf7 26. Rea1 Rxa4 27. Rxa4 Re7
28. Rb4 Qc7 29. Qh5 Nf7 30. Ba6 Qa7 31. Bc8 Qa1+ 32. Kh2 Kg7 33. Qe2 Qc1 34. Rb6
Qf4+ 35. g3 Qc7 36. Rxe6 Rxe6 37. Qxe6 Qb8 38. Qxf5 Qxb2 39. Be6 Qb7 40. Bxd5
Qc7 41. Qxf7+ Qxf7 42. Bxf7 Kxf7 43. f4 gxf4 44. gxf4 Ke6 45. c4 h5 46. Kg3 Kf6
47. Kf3 h4 48. Ke4 Ke6 49. c5 Kd7 50. Ke5 Kd8 51. Ke6 Ke8 52. d5 Kd8 53. d6 Ke8
54. c6 Kd8 55. d7 Kc7 56. Ke7 Kb8 57. d8=Q+ Ka7 58. c7 Ka6 59. c8=Q+ Ka7 60.
Qb8+ {Black resigns} 1-0

[Event "Team 45 45 League T43"]
[Site "Internet Chess Club"]
[Date "2009.11.23"]
[Round "4"]
[White "oldsj"]
[Black "musk6868"]
[Result "0-1"]
[WhiteElo "1576"]
[BlackElo "1686"]
[Opening "Ruy Lopez: Berlin defense, open variation"]
[ECO "C67"]
[Time "19:33:37"]
[TimeControl "2700+45"]

1. e4 e5 2. Nf3 Nc6 3. Bb5 Nf6 4. O-O Nxe4 5. Re1 Nd6 6. Bxc6 dxc6 7. Nxe5 Be7
8. d4 O-O 9. Nd2 f6 10. Nd3 Nf7 11. Nf3 Bg4 12. h3 Bh5 13. Nf4 Bxf3 14. Qxf3 Bd6
15. Ne6 Re8 16. Bd2 Qd7 17. Qb3 Kh8 18. Rad1 Re7 19. Bf4 Rae8 20. Bxd6 Nxd6 21.
d5 cxd5 22. Rxd5 Rxe6 23. Rxe6 Qxe6 24. Rd1 Qxb3 25. axb3 Kg8 26. Kf1 Kf7 27. f3
Re5 28. c4 Re7 29. Kf2 a5 30. g4 b6 31. Rd2 Nb7 32. Rd1 Nc5 33. b4 axb4 34. Rd8
b3 35. Rd5 Rd7 {White resigns} 0-1

[Event "Team 45 45 League T43"]
[Site "Internet Chess Club"]
[Date "2009.11.20"]
[Round "4"]
[White "GadsHill"]
[Black "sra66"]
[Result "1-0"]
[WhiteElo "1574"]
[BlackElo "1580"]
[Opening "Benkö gambit"]
[ECO "A57"]
[Time "20:08:56"]
[TimeControl "2700+45"]

1. d4 Nf6 2. c4 c5 3. d5 b5 4. Nf3 b4 5. a3 g6 6. axb4 cxb4 7. Be3 Bg7 8. Rxa7
Rxa7 9. Bxa7 Na6 10. e3 Qc7 11. Bd4 d6 12. Be2 O-O 13. O-O Bd7 14. Nbd2 Nc5 15.
b3 Ra8 16. Qc2 Ra3 17. Ra1 Bf5 18. Qb2 Qa5 19. Ne1 Rxa1 20. Qxa1 Qa3 21. Qd1
Nfe4 22. Bxc5 dxc5 23. Nxe4 Bxe4 24. f3 Bf5 25. Nd3 Bd7 26. Nxc5 Bc8 27. d6 exd6
28. Qxd6 Qa1+ 29. Kf2 Qb2 30. Qd8+ {Black resigns} 1-0

[Event "Team 45 45 League T43"]
[Site "Internet Chess Club"]
[Date "2009.11.21"]
[Round "4"]
[White "Just-Jim"]
[Black "AngryPirate"]
[Result "0-1"]
[WhiteElo "1480"]
[BlackElo "1478"]
[Opening "Van't Kruijs opening"]
[ECO "A00"]
[Time "15:01:22"]
[TimeControl "2700+45"]

1. e3 e5 2. Nc3 Nc6 3. Bb5 a6 4. Bxc6 dxc6 5. Nf3 f6 6. h3 Bb4 7. Ne2 Ne7 8. c3
Bd6 9. Ng3 Bd7 10. O-O f5 11. Qc2 e4 12. Nd4 c5 13. Ndxf5 Bxf5 14. Nxf5 Nxf5 15.
Qxe4+ Ne7 16. f4 O-O 17. d4 cxd4 18. exd4 Kh8 19. f5 Ng8 20. Qg4 Nf6 21. Qf3 Qe8
22. Bg5 Qc6 23. Qxc6 bxc6 24. Bxf6 gxf6 25. Rfe1 Rae8 26. Re6 Rxe6 27. fxe6 Re8
28. Re1 Kg7 29. c4 f5 30. Kf2 Kf6 31. c5 Bf8 32. Kf3 Rxe6 33. Rc1 Re8 34. Rc4
Rb8 35. b4 Bg7 36. g4 fxg4+ 37. hxg4 Kg5 38. d5 cxd5 39. Rf4 Rf8 40. Rxf8 Bxf8
41. a4 Bxc5 42. bxc5 c6 43. a5 h6 44. Kg3 d4 45. Kf3 d3 46. Ke3 Kxg4 47. Kxd3
Kg3 48. Ke4 h5 49. Ke5 h4 50. Kd6 h3 51. Kxc6 h2 52. Kb6 h1=Q 53. c6 Qb1+ 54.
Ka7 Qh7+ 55. Kb6 Qb1+ 56. Kxa6 Qb8 57. c7 Qxc7 58. Kb5 Qb7+ 59. Ka4 Qa6 60. Kb4
Kf4 61. Ka4 Ke5 62. Kb4 Kd6 {White resigns} 0-1

[Event "Team 45 45 League T43"]
[Site "Internet Chess Club"]
[Date "2009.11.23"]
[Round "4"]
[White "zepled37"]
[Black "jmm843"]
[Result "1-0"]
[WhiteElo "1738"]
[BlackElo "1539"]
[Opening "Sicilian: Grand Prix attack"]
[ECO "B23"]
[Time "20:03:14"]
[TimeControl "2700+45"]

1. e4 c5 2. Nc3 Nc6 3. f4 d6 4. Nf3 e5 5. fxe5 dxe5 6. Bb5 Bd6 7. Bxc6+ bxc6 8.
d3 Bg4 9. O-O Nf6 10. Be3 Qe7 11. h3 Bh5 12. Qe1 O-O 13. Bg5 h6 14. Bh4 Qc7 15.
Bxf6 gxf6 16. Qh4 Bxf3 17. Rxf3 Kh7 18. Rxf6 Rh8 19. Rxh6+ Kg8 20. Rxh8+ {Black
resigns} 1-0

[Event "Team 45 45 League T43"]
[Site "Internet Chess Club"]
[Date "2009.11.22"]
[Round "4"]
[White "dscvdchk"]
[Black "bmw2002"]
[Result "0-1"]
[WhiteElo "1628"]
[BlackElo "1611"]
[Opening "King's Indian: Petrosian system, Stein variation"]
[ECO "E92"]
[Time "09:06:17"]
[TimeControl "2700+45"]

1. d4 Nf6 2. c4 g6 3. Nc3 Bg7 4. e4 d6 5. Nf3 O-O 6. Be2 e5 7. d5 a5 8. O-O Na6
9. h3 Nc5 10. Qc2 Nh5 11. Ne1 f5 12. Bxh5 gxh5 13. Qe2 Qe8 14. f3 Qg6 15. Be3
fxe4 16. Bxc5 dxc5 17. fxe4 Bxh3 18. Nd3 b6 19. Kh2 Bg4 20. Qe1 Rf7 21. Rxf7
Qxf7 22. Qf1 Qe7 23. Qe1 Rf8 24. Qg3 Qg5 25. Nf2 Qf4 26. Qxf4 exf4 27. Rf1 Bxc3
28. bxc3 Be2 29. Re1 Bxc4 30. a3 Re8 31. Rd1 Kg7 32. d6 cxd6 33. Rxd6 Re6 34.
Rd2 Kf6 35. Rd8 Ke5 36. Rf8 Rf6 37. Re8+ Re6 38. Rf8 h6 39. Rf5+ Kd6 40. Rxf4
Be2 41. Rf5 b5 42. Rf8 Bc4 43. Rf5 b4 44. cxb4 axb4 45. axb4 cxb4 46. Rxh5 b3
47. Nd1 Kc6 48. Nb2 Rxe4 49. Rxh6+ Kb5 50. Rh8 Kb4 51. Ra8 Kc3 52. Na4+ Kc2 53.
Nc5 b2 54. Rb8 Re1 {White forfeits on time} 0-1

[Event "Team 45 45 League T43"]
[Site "Internet Chess Club"]
[Date "2009.11.22"]
[Round "4"]
[White "milesotoole"]
[Black "sly20"]
[Result "1/2-1/2"]
[WhiteElo "1343"]
[BlackElo "1546"]
[Opening "Caro-Kann: anti-anti-Caro-Kann defense"]
[ECO "B10"]
[Time "21:33:31"]
[TimeControl "2700+45"]

1. e4 c6 2. c4 d5 3. cxd5 cxd5 4. exd5 Nf6 5. Nc3 Nxd5 6. Bc4 Nb6 7. Bb3 Nc6 8.
Nf3 e6 9. O-O Be7 10. d4 O-O 11. Be3 a6 12. Qd2 Qc7 13. d5 Rd8 14. Rfd1 Nxd5 15.
Nxd5 exd5 16. Qe2 Be6 17. a4 Rd7 18. Rac1 Bf6 19. h4 Re8 20. Nd4 {Game drawn by
mutual agreement} 1/2-1/2